 Dungeon Crawl Stone Soup version 0.16-a0-3667-g690a316 (webtiles) character file.

719 CountDeLaPain the Ruffian (level 7, -3/84 HPs)
             Began as a Bearkin Berserker on Sept 24, 2015.
             Was a Priest of Trog.
             Slain by MuadDib's ghost (21 damage)
             ... on level 6 of the Dungeon.
             The game lasted 00:21:20 (6565 turns).

CountDeLaPain the Ruffian (Bearkin Berserker)       Turns: 6565, Time: 00:21:20

Health: -3/84      AC: 13    Str: 29    XL:     7   Next: 42%
Magic:  7/7        EV: 10    Int:  6    God:    Trog [***...]
Gold:   253        SH:  0    Dex: 10    Spells: 0 memorised, 6 levels left

rFire  . . .     SeeInvis .       - Unarmed
rCold  . . .     Clarity  .     C - +1 chain mail
rNeg   . . .     SustAb   .     (no shield)
rPois  .         Gourm    .     (no helmet)
rElec  .         Spirit   .     (no cloak)
rCorr  .         Warding  .     w - +0 pair of gloves
rMut   .         Stasis   .     (no boots)
MR     .....                    (no amulet)
Stlth  ..........               (no ring)
                                (no ring)

@: berserking, very quick, not resistant to hostile enchantments, extremely
unstealthy
A: claws 1, shaggy fur 2, hind claws 2, cornered berserk
a: Cornered Berserk, Burn Spellbooks, Berserk, Trog's Hand, Renounce Religion


You were on level 6 of the Dungeon.
You worshipped Trog.
Trog was most pleased with you.
You were hungry.

You visited 1 branch of the dungeon, and saw 6 of its levels.

You collected 253 gold pieces.

Inventory:

Hand weapons
 a - a +2 hunting sling of freezing
 m - a +0 hunting sling
 J - the -1 hand axe of Muckom {chop, rElec Str+2}
   (You found it on level 5 of the Dungeon)

   It inflicts extra damage upon your enemies.
   It affects your strength (+2).
   It insulates you from electricity.
Missiles
 c - 22 stones (quivered)
 u - 23 sling bullets of flame
Armour
 b - a +0 animal skin
 w - a +0 pair of gloves (worn)
 C - a +1 chain mail (worn)
Jewellery
 s - a cursed amulet of inaccuracy {unknown}
 y - an uncursed amulet of resist mutation {unknown}
 I - an uncursed ring of protection from fire {unknown}
Magical devices
 t - a wand of paralysis (24)
Scrolls
 d - a scroll of noise
 f - a scroll of recharging
 g - 4 scrolls of teleportation
 r - a scroll of enchant armour
 v - a scroll of identify
Potions
 e - 2 potions of brilliance
 h - a potion of flight {unknown}
 i - 2 potions of heal wounds {unknown}
 j - a potion of invisibility {unknown}
 k - 2 potions of curing {unknown}
 l - a potion of haste {unknown}
 o - a potion of magic {unknown}
 q - 2 potions of agility {unknown}
 A - a potion of poison {unknown}
 D - a potion of cure mutation {unknown}
 G - a potion of restore abilities {unknown}
 H - a potion of degeneration {unknown}
 K - a potion of berserk rage {unknown}
Comestibles
 p - 3 bread rations
 x - a beef jerky
 z - a meat ration
 B - 2 fruits
 E - a slice of pizza


   Skills:
 + Level 5.2 Fighting
 + Level 2.6 Armour
 + Level 3.6 Dodging
 + Level 5.4 Unarmed Combat


You had 6 spell levels left.
You didn't know any spells.

Dungeon Overview and Level Annotations

Branches:
Dungeon (6/15)
 Temple: D:4-7

Altars:
Ashenzari
Cheibriados
Dithmenos
Xom

Shops:
D:5 *

Annotations:
D:1 runed door
D:6 MuadDib's ghost, experienced BeBe


Innate Abilities, Weirdness & Mutations

You have sharp fingernails.
You are covered in thick fur (AC +2).
Your hind legs have sharp claws.
You can berserk when greatly wounded.


Message History

You completely miss MuadDib's ghost. You claw MuadDib's ghost.
MuadDib's ghost is heavily damaged.
MuadDib's ghost barely misses you.
You punch MuadDib's ghost!
Your hind claws misses MuadDib's ghost.
MuadDib's ghost is severely damaged.
You punch MuadDib's ghost!
Your hind claws misses MuadDib's ghost.
MuadDib's ghost is almost destroyed.
MuadDib's ghost hits you.
You closely miss MuadDib's ghost.
You claw MuadDib's ghost, but do no damage.
MuadDib's ghost is almost destroyed.
MuadDib's ghost hits you!
* * * LOW HITPOINT WARNING * * *
You hit MuadDib's ghost but do no damage.
You claw MuadDib's ghost, but do no damage.
MuadDib's ghost is almost destroyed.
You closely miss MuadDib's ghost.
Your hind claws misses MuadDib's ghost.
MuadDib's ghost is almost destroyed.
MuadDib's ghost hits you!!
You die...

#.....#.#...####
#.....#.#...#
########...........#
#..............##..#
#....####...........
#.. #.......#.### #
####........>.
#.#.###.#.#..# #@##
...# #W#.# .## #.#
## . ..# ... ... .


You could see MuadDib's ghost.

Vanquished Creatures
  An ice beast (D:5)
  A phantom (D:4)
  Sigmund (D:5)
  A scorpion (D:5)
  A hound (D:4)
  A giant frog skeleton (D:4)
  A jelly (D:4)
  2 orc wizards (D:4)
  Natasha (D:3)
  2 worker ants
  An iguana (D:4)
  A hound zombie (D:5)
  3 adders
  3 worms
  An adder zombie (D:5)
  2 giant geckos
  6 oozes
  11 orcs (D:4)
  2 ball pythons
  9 bats
  10 giant cockroaches
  7 hobgoblins
  9 jackals
  3 giant newts
  6 goblins
  A jackal zombie (D:5)
  14 kobolds
  9 rats
110 creatures vanquished.

Notes
Turn   | Place    | Note
--------------------------------------------------------------
     0 | D:1      | CountDeLaPain, the Bearkin Berserker, began the quest for the Orb.
     0 | D:1      | Reached XP level 1. HP: 18/18 MP: 1/1
     1 | D:1      | Found a runed door.
   261 | D:1      | Reached XP level 2. HP: 10/24 MP: 2/2
  1220 | D:2      | Acquired Trog's second power
  1220 | D:2      | Reached XP level 3. HP: 2/29 MP: 3/3
  1654 | D:2      | Found a snail-covered altar of Cheibriados.
  1655 | D:2      | Found a shadowy altar of Dithmenos.
  2147 | D:3      | Gained mutation: Your hind legs have sharp claws. [bearkin transformation]
  2147 | D:3      | Reached XP level 4. HP: 23/37 MP: 4/4
  2897 | D:3      | Noticed Natasha
  2905 | D:3      | Killed Natasha
  3198 | D:1      | Reached skill level 4 in Fighting
  3198 | D:1      | Reached XP level 5. HP: 12/42 MP: 5/5
  3867 | D:4      | Found a shattered altar of Ashenzari.
  4167 | D:4      | Noticed a phantom
  4225 | D:4      | HP: 2/64 [iguana (8)]
  4227 | D:4      | Gained mutation: You are covered in thick fur (AC +2). [bearkin transformation]
  4227 | D:4      | Reached XP level 6. HP: 2/49 MP: 6/6
  4233 | D:4      | Killed a phantom
  5248 | D:5      | Entered Level 5 of the Dungeon
  5295 | D:5      | Got a crude hand axe
  5296 | D:5      | Identified the cursed -1 hand axe of Muckom {chop, rElec Str+2} (You found it on level 5 of the Dungeon)
  5348 | D:5      | Reached skill level 5 in Fighting
  5348 | D:5      | Reached skill level 5 in Unarmed Combat
  5348 | D:5      | Reached XP level 7. HP: 38/56 MP: 7/7
  5457 | D:5      | Noticed Sigmund
  5489 | D:5      | Killed Sigmund
  6006 | D:5      | Acquired Trog's third power
  6148 | D:5      | Found Klial's Assorted Antiques.
  6160 | D:5      | Found a shimmering altar of Xom.
  6167 | D:5      | Found a shimmering altar of Xom.
  6170 | D:5      | Found a shimmering altar of Xom.
  6171 | D:5      | Found a shimmering altar of Xom.
  6183 | D:5      | Found a shimmering altar of Xom.
  6184 | D:5      | Found a shimmering altar of Xom.
  6185 | D:5      | Found a shimmering altar of Xom.
  6547 | D:6      | Noticed MuadDib's ghost (experienced BeBe)
  6565 | D:6      | Slain by MuadDib's ghost

Action                   |  1- 3 |  4- 6 |  7- 9 || total
-------------------------+-------+-------+-------++-------
Melee: Unarmed           |   102 |   278 |    81 ||   461
Invok: Berserk           |     2 |     1 |     1 ||     4
 Abil: Cornered Berserk  |       |     1 |       ||     1
  Use: Scroll            |       |     9 |     1 ||    10
  Eat: Chunk             |     1 |    11 |     4 ||    16
       Bread ration      |     1 |       |       ||     1
       Fruit             |       |     1 |       ||     1
